Condors vs Rocket
(R1)
Created - April 9, 2024 at 22:21
Goals
|
| Condors |
2 |
1 |
2 |
5 |
| Rocket |
0 |
2 |
0 |
2 |
|
Shots
|
| Condors |
10 |
9 |
6 |
25 |
| Rocket |
12 |
9 |
5 |
26 |
|
1st period
1. Condors , Patrik Laine 35 (Adam Erne 48, Klim Kostin 19) at 1:09
2. Condors , Brett Lernout 3 (Jason Robertson 34) at 15:27
Penalties :
Scott Wilson (Lav) for Tripping (Minor) at 7:00, Gustav Olofsson (Bak) for Diving (Minor) at 13:23, Christian Fischer (Bak) for Hooking (Minor) at 19:12
2nd period
3. Rocket , Dominic Turgeon 19 (Brandon Pirri 48, Scott Wilson 36) at 0:09 (PP)
4. Rocket , Troy Terry 20 (Karson Kuhlman 19, Jakob Lilja 13) at 1:56
5. Condors , Patrik Laine 36 (Brett Lernout 26, Tyson Jost 22) at 18:35 (PP)
Penalties :
Troy Terry (Lav) for Interference (Minor) at 8:28, Emil Djuse (Bak) for Roughing (Minor) at 13:03, Raphael Bussieres (Lav) for Holding (Minor) at 17:41
3rd period
6. Condors , Alexandre Carrier 8 (Adam Erne 49) at 3:58 (PP)
7. Condors , Christian Fischer 12 (Phil McRae 33) at 12:03 (PP)
Penalties :
Brett Lernout (Bak) for Hooking (Minor) at 0:22, Ty Rattie (Lav) for Interference (Minor) at 3:25, Scott Wilson (Lav) for Tripping (Minor) at 4:05, JC Lipon (Lav) for Interference (Minor) at 6:49, Brandon Pirri (Lav) for Hooking (Minor) at 11:33, Brett Lernout (Bak) for Cross-checking (Minor) at 14:39
Goalie Stats
Garret Sparks (Bak), 24 saves from 26 shots - (0.923), W, 29-23-1, 60:00 minutes
Eamon McAdam (Lav), 20 saves from 25 shots - (0.800), L, 18-13-5, 60:00 minutes
Players Stats for Condors
Player Name G A P +/- PIM S H SB GA TA FO MP PP MP PK MP
------------------------------------------------------------------------------------
Adam Erne 0 2 2 1 0 0 6 0 2 0 1/2 19:12 4:36 1:10
Alexander Alexeyev 0 0 0 0 0 0 1 0 0 0 0/0 12:12 0:00 1:19
Alexandre Carrier 1 0 1 0 0 6 2 3 2 2 0/0 27:25 6:50 5:33
Brett Lernout 1 1 2 0 4 1 0 1 0 0 0/0 25:39 6:50 3:18
Christian Fischer 1 0 1 -1 2 5 3 1 0 0 0/0 15:02 5:12 0:00
Colin White 0 0 0 0 0 1 0 0 0 0 1/3 7:32 0:00 0:04
Connor Hurley 0 0 0 0 0 0 0 0 0 0 3/5 9:07 0:00 0:00
Emil Djuse 0 0 0 0 2 0 0 2 0 1 0/0 13:17 0:00 2:22
Filip Kral 0 0 0 0 0 0 0 0 0 0 0/0 4:49 0:00 0:00
Gustav Olofsson 0 0 0 2 2 0 0 0 2 0 0/0 16:32 3:03 2:22
Jason Robertson 0 1 1 -1 0 4 2 0 0 1 0/1 18:31 5:12 2:37
Kailer Yamamoto 0 0 0 0 0 0 1 0 2 1 0/0 9:27 0:05 0:00
Kiefer Sherwood 0 0 0 1 0 2 1 0 0 0 0/0 12:16 0:05 4:28
Klim Kostin 0 1 1 0 0 0 2 0 1 0 0/0 9:27 0:05 0:00
Patrik Laine 2 0 2 1 0 3 1 1 0 0 1/3 20:07 4:36 1:54
Phil McRae 0 1 1 1 0 2 0 1 1 0 14/32 21:55 5:12 2:37
Philippe Myers 0 0 0 1 0 0 1 1 0 0 0/0 21:19 3:03 2:52
Taro Hirose 0 0 0 0 0 1 2 0 0 0 0/0 7:23 0:00 0:00
Tyson Jost 0 1 1 0 0 0 0 2 0 0 11/17 19:50 4:36 4:56
Players Stats for Rocket
Player Name G A P +/- PIM S H SB GA TA FO MP PP MP PK MP
------------------------------------------------------------------------------------
Andrei Mironov 0 0 0 0 0 0 0 2 0 1 0/0 18:55 2:56 3:16
Branden Troock 0 0 0 0 0 0 0 0 0 0 2/3 3:15 0:04 2:22
Brandon Pirri 0 1 1 -1 2 5 4 1 0 3 7/12 23:31 4:54 5:26
Chris Bigras 0 0 0 0 0 0 1 3 0 0 0/0 27:53 5:57 6:37
Dean Kukan 0 0 0 0 0 2 0 0 0 2 0/0 29:59 5:57 6:37
Dominic Turgeon 1 0 1 -1 0 2 2 2 0 0 13/30 21:23 4:54 3:05
Dylan DeMelo 0 0 0 -1 0 0 0 0 0 0 0/0 11:06 0:00 0:00
Francis Perron 0 0 0 0 0 0 0 0 0 0 0/0 2:48 0:04 1:57
Jack Glover 0 0 0 -1 0 1 0 0 0 0 0/0 11:06 0:00 0:00
Jakob Lilja 0 1 1 0 0 1 1 0 0 0 0/0 9:32 0:00 0:44
JC Lipon 0 0 0 0 2 0 1 0 0 1 0/1 6:58 0:00 0:00
Karson Kuhlman 0 1 1 0 0 2 0 0 0 0 1/1 8:48 0:00 0:00
Luke Kunin 0 0 0 0 0 2 2 0 0 0 1/2 6:43 0:00 0:00
MacKenzie Entwistle 0 0 0 0 0 0 0 0 0 0 0/0 0:00 0:00 0:00
Mikhail Maltsev 0 0 0 0 0 0 0 0 0 0 0/1 0:35 0:04 0:00
Peter Holland 0 0 0 0 0 1 1 0 2 0 6/11 17:54 3:55 2:15
Raphael Bussieres 0 0 0 0 2 0 0 0 1 0 1/1 6:42 0:00 0:00
Ryan Collins 0 0 0 0 0 0 0 0 0 0 0/0 2:06 0:00 0:00
Scott Wilson 0 1 1 -1 4 1 2 2 0 0 1/1 22:06 4:54 3:57
Sergey Tolchinsky 0 0 0 0 0 2 4 0 2 0 0/0 15:25 3:55 0:00
Taylor Leier 0 0 0 0 0 0 0 0 0 0 0/0 0:00 0:00 0:00
Troy Terry 1 0 1 0 2 2 0 0 0 1 0/0 8:56 0:00 0:00
Ty Rattie 0 0 0 0 2 4 1 0 0 0 0/0 15:24 3:55 0:00
Viktor Loov 0 0 0 0 0 1 1 0 0 2 0/0 18:55 2:56 3:16
Zack MacEwen 0 0 0 0 0 0 0 0 0 0 0/0 0:00 0:00 0:00
3 Stars
1 - Patrik Laine (Bak)
2 - Adam Erne (Bak)
3 - Alexandre Carrier (Bak)
Power Play
Condors - 3 on 7 Attempt(s) - 42.86%
Rocket - 1 on 5 Attempt(s) - 20.00%
Penalty Kill
Condors - 4 on 5 Attempt(s) - 80.00%
- Score 0 goal in Penalty Kill
Rocket - 4 on 7 Attempt(s) - 57.14%
- Score 0 goal in Penalty Kill
Team Stat
Condors - Hits : 22 - Faceoff Wins : 31 - Blocked Shots : 12 - Penalty Minutes : 10
Rocket - Hits : 20 - Faceoff Wins : 32 - Blocked Shots : 10 - Penalty Minutes : 14
Official
Referees : Tim Peel and Ghislain Hebert
Linesman : Brandon Gawryletz and Vaughan Rody
Game Notes
No Game Note
Finance
Level 1 -- Attendance: 1684 (84.20%) -- Ticket Income $117,880
Level 2 -- Attendance: 946 (94.60%) -- Ticket Income $37,840
Total Attendance: 2630 (87.67%)
Total Ticket Income: $155,720
Other Income: $7,786
Total Income: $163,506
Condors
5 vs 5 Forward
Center Left Wing Right Wing Time % Phy DF OF
1 Phil McRae Adam Erne Patrik Laine 40 1 2 2
2 Tyson Jost Jason Robertson Christian Fischer 30 1 2 2
3 Connor Hurley Klim Kostin Kailer Yamamoto 20 1 2 2
4 Colin White Taro Hirose Kiefer Sherwood 10 1 2 2
5 vs 5 Defense
Defense Defense Time % Phy DF OF
1 Brett Lernout Alexandre Carrier 40 1 2 2
2 Philippe Myers Gustav Olofsson 30 1 2 2
3 Emil Djuse Alexander Alexeyev 20 1 2 2
4 Filip Kral Philippe Myers 10 1 2 2
PowerPlay Forward
Center Left Wing Right Wing Time % Phy DF OF
1 Phil McRae Jason Robertson Christian Fischer 60 1 2 2
2 Tyson Jost Adam Erne Patrik Laine 40 1 2 2
PowerPlay Defense
Defense Defense Time % Phy DF OF
1 Brett Lernout Alexandre Carrier 60 1 2 2
2 Philippe Myers Gustav Olofsson 40 1 2 2
Penalty Kill 4 Players Forward
Center Wing Time % Phy DF OF
1 Tyson Jost Kiefer Sherwood 60 1 2 2
2 Phil McRae Jason Robertson 40 1 2 2
Penalty Kill 4 Players Defense
Defense Defense Time % Phy DF OF
1 Brett Lernout Alexandre Carrier 60 1 2 2
2 Philippe Myers Gustav Olofsson 40 1 2 2
Penalty Kill - 3 Players Forward
Forward Time % Phy DF OF
1 Tyson Jost 60 1 2 2
2 Phil McRae 40 1 2 2
Penalty Kill - 3 Players Defense
Defense Defense Time % Phy DF OF
1 Brett Lernout Alexandre Carrier 60 1 2 2
2 Philippe Myers Gustav Olofsson 40 1 2 2
4 vs 4 Forward
Center Wing Time % Phy DF OF
1 Phil McRae Adam Erne 60 1 2 2
2 Tyson Jost Jason Robertson 40 1 2 2
4 vs 4 Defense
Defense Defense Time % Phy DF OF
1 Brett Lernout Alexandre Carrier 60 1 2 2
2 Philippe Myers Gustav Olofsson 40 1 2 2
Last Minutes Offensive
Center Left Wing Right Wing Defense Defense
Phil McRae Adam Erne Christian Fischer Brett Lernout Alexandre Carrier
Last Minutes Defensive
Center Left Wing Right Wing Defense Defense
Phil McRae Adam Erne Christian Fischer Brett Lernout Alexandre Carrier
Goaltenders
Starting : Garret Sparks
Backup : Stuart Skinner
Extra Forwards
Normal : Patrik Laine, Kiefer Sherwood, Tyson Jost - PP : Patrik Laine, Kiefer Sherwood - PK : Patrik Laine
Extra Defensemen
Normal : Emil Djuse, Alexander Alexeyev, Filip Kral - PP : Emil Djuse - PK : Emil Djuse, Alexander Alexeyev
Penalty Shots
Christian Fischer, Adam Erne, Jason Robertson, Phil McRae, Patrik Laine
Custom OT Lines Forwards
Christian Fischer, Adam Erne, Jason Robertson, Phil McRae, Patrik Laine, Kiefer Sherwood, Tyson Jost, Kailer Yamamoto, Taro Hirose, Connor Hurley
Custom OT Lines Defensemen
Brett Lernout, Alexandre Carrier, Philippe Myers, Gustav Olofsson, Emil Djuse
Scratches
Ryan McLeod (Healthy), Pontus Holmberg (Healthy), Cole Cassels (Healthy), Semyon Der-Arguchintsev (Healthy), Jacob Larsson (Broken Right Thumb Injury)
Jeremy Gregoire (Healthy), Jordan Subban (Healthy), Robin Salo (Healthy), Nick Shore (Broken Right Thumb Injury), Remi Elie (Healthy)
Filip Johansson (Healthy), Nikolai Knyzhov (Healthy), Lucas Johansen (Healthy), C.J. Smith (Healthy), Cole Fonstad (Healthy)
Jack Perbix (Healthy), Jaxson Stauber (Healthy)
Rocket
5 vs 5 Forward
Center Left Wing Right Wing Time % Phy DF OF
1 Dominic Turgeon Brandon Pirri Scott Wilson 40 1 2 2
2 Peter Holland Sergey Tolchinsky Ty Rattie 30 1 2 2
3 Karson Kuhlman Jakob Lilja Troy Terry 20 1 2 2
4 Luke Kunin Raphael Bussieres JC Lipon 10 1 2 2
5 vs 5 Defense
Defense Defense Time % Phy DF OF
1 Dean Kukan Chris Bigras 40 1 2 2
2 Viktor Loov Andrei Mironov 30 1 2 2
3 Dylan DeMelo Jack Glover 20 1 2 2
4 Ryan Collins Dean Kukan 10 1 2 2
PowerPlay Forward
Center Left Wing Right Wing Time % Phy DF OF
1 Dominic Turgeon Brandon Pirri Scott Wilson 60 1 2 2
2 Peter Holland Sergey Tolchinsky Ty Rattie 40 1 2 2
PowerPlay Defense
Defense Defense Time % Phy DF OF
1 Dean Kukan Chris Bigras 60 1 2 2
2 Viktor Loov Andrei Mironov 40 1 2 2
Penalty Kill 4 Players Forward
Center Wing Time % Phy DF OF
1 Brandon Pirri Scott Wilson 60 1 2 2
2 Dominic Turgeon Peter Holland 40 1 2 2
Penalty Kill 4 Players Defense
Defense Defense Time % Phy DF OF
1 Dean Kukan Chris Bigras 60 1 2 2
2 Viktor Loov Andrei Mironov 40 1 2 2
Penalty Kill - 3 Players Forward
Forward Time % Phy DF OF
1 Brandon Pirri 60 1 2 2
2 Scott Wilson 40 1 2 2
Penalty Kill - 3 Players Defense
Defense Defense Time % Phy DF OF
1 Dean Kukan Chris Bigras 60 1 2 2
2 Viktor Loov Andrei Mironov 40 1 2 2
4 vs 4 Forward
Center Wing Time % Phy DF OF
1 Brandon Pirri Scott Wilson 60 1 2 2
2 Dominic Turgeon Peter Holland 40 1 2 2
4 vs 4 Defense
Defense Defense Time % Phy DF OF
1 Dean Kukan Chris Bigras 60 1 2 2
2 Viktor Loov Andrei Mironov 40 1 2 2
Last Minutes Offensive
Center Left Wing Right Wing Defense Defense
Dominic Turgeon Brandon Pirri Scott Wilson Dean Kukan Chris Bigras
Last Minutes Defensive
Center Left Wing Right Wing Defense Defense
Dominic Turgeon Brandon Pirri Scott Wilson Dean Kukan Chris Bigras
Goaltenders
Starting : Eamon McAdam
Backup : Jamie Phillips
Extra Forwards
Normal : Mikhail Maltsev, Francis Perron, Branden Troock - PP : Mikhail Maltsev, Francis Perron - PK : Branden Troock
Extra Defensemen
Normal : Dylan DeMelo, Jack Glover, Ryan Collins - PP : Dylan DeMelo - PK : Jack Glover, Ryan Collins
Penalty Shots
Brandon Pirri, Scott Wilson, Dominic Turgeon, Peter Holland, Karson Kuhlman
Custom OT Lines Forwards
Brandon Pirri, Scott Wilson, Dominic Turgeon, Peter Holland, Karson Kuhlman, Sergey Tolchinsky, Ty Rattie, Troy Terry, Jakob Lilja, Raphael Bussieres
Custom OT Lines Defensemen
Dean Kukan, Chris Bigras, Viktor Loov, Andrei Mironov, Dylan DeMelo
Scratches
Damien Giroux (Healthy), Reese Johnson (Healthy), Jake Pivonka (Healthy), Rasmus Sandin (Healthy), Niklas Nordgren (Healthy)
Alexis Gravel (Healthy), Connor Ingram (Healthy)
% Time on Ice - Condors
Lines # - Real PCT - Wanted PCT - Time Play
Normal Forward
1 - 33% - 40% - 13:41
2 - 27% - 30% - 11:03
3 - 22% - 20% - 9:07
4 - 18% - 10% - 7:23
Normal Defense
1 - 38% - 40% - 15:30
2 - 26% - 30% - 10:35
3 - 25% - 20% - 10:20
4 - 12% - 10% - 4:49
PP Forward
1 - 53% - 60% - 5:17
2 - 47% - 40% - 4:36
PP Defense
1 - 69% - 60% - 6:50
2 - 31% - 40% - 3:03
PK Forward
1 - 71% - 60% - 6:16
2 - 29% - 40% - 2:37
PK Defense
1 - 68% - 60% - 6:01
2 - 32% - 40% - 2:52
PK3 Forward
1 - 0% - 60%
2 - 0% - 40%
PK3 Defense
1 - 0% - 60%
2 - 0% - 40%
44 Forward
1 - 0% - 60%
2 - 0% - 40%
44 Defense
1 - 0% - 60%
2 - 0% - 40%
Last Minute Offensive - 0:00
Last Minute Defensive - 0:00
Total
Forward - 60:00
Defense - 60:00
|
% Time on Ice - Rocket
Lines # - Real PCT - Wanted PCT - Time Play
Normal Forward
1 - 34% - 40% - 13:59
2 - 28% - 30% - 11:44
3 - 21% - 20% - 8:48
4 - 16% - 10% - 6:43
Normal Defense
1 - 37% - 40% - 15:19
2 - 31% - 30% - 12:43
3 - 27% - 20% - 11:06
4 - 5% - 10% - 2:06
PP Forward
1 - 56% - 60% - 4:58
2 - 44% - 40% - 3:55
PP Defense
1 - 67% - 60% - 5:57
2 - 33% - 40% - 2:56
PK Forward
1 - 79% - 60% - 7:47
2 - 21% - 40% - 2:06
PK Defense
1 - 67% - 60% - 6:37
2 - 33% - 40% - 3:16
PK3 Forward
1 - 0% - 60%
2 - 0% - 40%
PK3 Defense
1 - 0% - 60%
2 - 0% - 40%
44 Forward
1 - 0% - 60%
2 - 0% - 40%
44 Defense
1 - 0% - 60%
2 - 0% - 40%
Last Minute Offensive - 0:00
Last Minute Defensive - 0:00
Total
Forward - 60:00
Defense - 60:00
|
Play-by-Play
1st period
0:01 of 1st period - Dominic Turgeon wins face-off versus Adam Erne in neutral zone.
0:10 of 1st period - Slapshot by Patrik Laine.
0:10 of 1st period - Deflect By Adam Erne.
0:10 of 1st period - Shot Blocked by Chris Bigras.
0:10 of 1st period - Puck is out of play.
0:11 of 1st period - Tyson Jost wins face-off versus Peter Holland in Rocket zone.
1:09 of 1st period - Wrist shot by Patrik Laine.
1:09 of 1st period - Goal by Patrik Laine - Condors : 1 - Rocket : 0.
1:10 of 1st period - Colin White wins face-off versus JC Lipon in neutral zone.
1:12 of 1st period - Off-side.
1:13 of 1st period - Luke Kunin wins face-off versus Colin White in neutral zone.
1:42 of 1st period - Wrist shot by Brandon Pirri.
1:42 of 1st period - Shot Misses the Net.
1:44 of 1st period - Slapshot by Dean Kukan.
1:44 of 1st period - Shot Blocked by Phil McRae.
2:04 of 1st period - Snap shot by Ty Rattie.
2:04 of 1st period - Shot Misses the Net.
4:05 of 1st period - Wrist shot by Taro Hirose.
4:05 of 1st period - Stopped by Eamon McAdam with a rebound.
4:07 of 1st period - Snap shot by Colin White.
4:07 of 1st period - Shot Blocked by Scott Wilson.
4:16 of 1st period - Icing by Ryan Collins.
4:17 of 1st period - Raphael Bussieres wins face-off versus Phil McRae in Rocket zone.
5:03 of 1st period - Off-side.
5:04 of 1st period - Dominic Turgeon wins face-off versus Colin White in neutral zone.
5:13 of 1st period - Wrist shot by Brandon Pirri.
5:13 of 1st period - Stopped by Garret Sparks without a rebound.
5:14 of 1st period - Phil McRae wins face-off versus Dominic Turgeon in Condors zone.
5:26 of 1st period - Off-side.
5:27 of 1st period - Dominic Turgeon wins face-off versus Phil McRae in neutral zone.
5:37 of 1st period - Off-side.
5:38 of 1st period - Peter Holland wins face-off versus Tyson Jost in neutral zone.
5:41 of 1st period - Brett Lernout is hit by Sergey Tolchinsky and loses puck.
5:48 of 1st period - Sergey Tolchinsky is hit by Christian Fischer and loses puck.
6:26 of 1st period - Colin White is hit by Brandon Pirri and loses puck.
6:31 of 1st period - Snap shot by Brandon Pirri.
6:31 of 1st period - Shot Misses the Net.
6:33 of 1st period - Slapshot by Dean Kukan.
6:33 of 1st period - Stopped by Garret Sparks without a rebound.
6:34 of 1st period - Peter Holland wins face-off versus Phil McRae in Condors zone.
6:47 of 1st period - Slapshot by Ty Rattie.
6:47 of 1st period - Shot Blocked by Alexandre Carrier.
7:00 of 1st period - Minor Penalty to Scott Wilson for Tripping.
7:01 of 1st period - Phil McRae wins face-off versus Brandon Pirri in Rocket zone.
7:04 of 1st period - Snap shot by Jason Robertson.
7:04 of 1st period - Shot Misses the Net.
9:00 of 1st period - Penalty to Scott Wilson is over, Scott Wilson is back on ice.
9:13 of 1st period - Viktor Loov is hit by Kailer Yamamoto and loses puck.
9:36 of 1st period - Snap shot by Kiefer Sherwood.
9:36 of 1st period - Shot Misses the Net.
10:12 of 1st period - Wrist shot by Kiefer Sherwood.
10:12 of 1st period - Stopped by Eamon McAdam with a rebound.
10:14 of 1st period - Snap shot by Colin White.
10:14 of 1st period - Stopped by Eamon McAdam without a rebound.
10:15 of 1st period - Phil McRae wins face-off versus Dominic Turgeon in Rocket zone.
10:24 of 1st period - Snap shot by Patrik Laine.
10:24 of 1st period - Shot Misses the Net.
10:26 of 1st period - Snap shot by Phil McRae.
10:26 of 1st period - Stopped by Eamon McAdam without a rebound.
10:27 of 1st period - Tyson Jost wins face-off versus Dominic Turgeon in Rocket zone.
10:28 of 1st period - Snap shot by Jason Robertson.
10:28 of 1st period - Stopped by Eamon McAdam with a rebound.
10:30 of 1st period - Snap shot by Alexandre Carrier.
10:30 of 1st period - Deflect By Jason Robertson.
10:30 of 1st period - Stopped by Eamon McAdam with a rebound.
10:32 of 1st period - Snap shot by Christian Fischer.
10:32 of 1st period - Stopped by Eamon McAdam with a rebound.
10:34 of 1st period - Wrist shot by Christian Fischer.
10:34 of 1st period - Shot Misses the Net.
10:36 of 1st period - Wrist shot by Christian Fischer.
10:36 of 1st period - Deflect By Jason Robertson.
10:36 of 1st period - Shot Misses the Net.
10:36 of 1st period - Puck is out of play.
10:37 of 1st period - Dominic Turgeon wins face-off versus Jason Robertson in Rocket zone.
10:46 of 1st period - Backhand shot by Scott Wilson.
10:46 of 1st period - Stopped by Garret Sparks without a rebound.
10:47 of 1st period - Dominic Turgeon wins face-off versus Patrik Laine in Condors zone.
10:56 of 1st period - Wrist shot by Phil McRae.
10:56 of 1st period - Shot Misses the Net.
11:23 of 1st period - Slapshot by Ty Rattie.
11:23 of 1st period - Shot Misses the Net.
11:25 of 1st period - Snap shot by Peter Holland.
11:25 of 1st period - Shot Blocked by Alexandre Carrier.
11:43 of 1st period - Snap shot by Troy Terry.
11:43 of 1st period - Shot Misses the Net.
12:24 of 1st period - Wrist shot by Brandon Pirri.
12:24 of 1st period - Stopped by Garret Sparks with a rebound.
12:26 of 1st period - Slapshot by Dylan DeMelo.
12:26 of 1st period - Shot Misses the Net.
12:32 of 1st period - Patrik Laine is hit by Scott Wilson and loses puck.
13:23 of 1st period - Minor Penalty to Gustav Olofsson for Diving.
13:24 of 1st period - Dominic Turgeon wins face-off versus Tyson Jost in Condors zone.
13:25 of 1st period - Snap shot by Brandon Pirri.
13:25 of 1st period - Shot Misses the Net.
13:41 of 1st period - Slapshot by Brandon Pirri.
13:41 of 1st period - Stopped by Garret Sparks with a rebound.
14:15 of 1st period - Snap shot by Ty Rattie.
14:15 of 1st period - Shot Blocked by Emil Djuse.
15:23 of 1st period - Penalty to Gustav Olofsson is over, Gustav Olofsson is back on ice.
15:27 of 1st period - Slapshot by Brett Lernout.
15:27 of 1st period - Goal by Brett Lernout - Condors : 2 - Rocket : 0.
15:28 of 1st period - Karson Kuhlman wins face-off versus Phil McRae in neutral zone.
15:39 of 1st period - Slapshot by Alexandre Carrier.
15:39 of 1st period - Shot Misses the Net.
15:41 of 1st period - Wrist shot by Phil McRae.
15:41 of 1st period - Shot Misses the Net.
16:11 of 1st period - Off-side.
16:12 of 1st period - Peter Holland wins face-off versus Connor Hurley in neutral zone.
16:21 of 1st period - Snap shot by Ty Rattie.
16:21 of 1st period - Stopped by Garret Sparks without a rebound.
16:22 of 1st period - Dominic Turgeon wins face-off versus Phil McRae in Condors zone.
16:23 of 1st period - Slapshot by Scott Wilson.
16:23 of 1st period - Shot Misses the Net.
16:31 of 1st period - Slapshot by Alexandre Carrier.
16:31 of 1st period - Stopped by Eamon McAdam without a rebound.
16:32 of 1st period - Dominic Turgeon wins face-off versus Phil McRae in Rocket zone.
16:55 of 1st period - Wrist shot by Scott Wilson.
16:55 of 1st period - Shot Misses the Net.
16:58 of 1st period - Icing by Patrik Laine.
16:59 of 1st period - Peter Holland wins face-off versus Phil McRae in Condors zone.
17:00 of 1st period - Snap shot by Ty Rattie.
17:00 of 1st period - Stopped by Garret Sparks with a rebound.
17:30 of 1st period - Snap shot by Karson Kuhlman.
17:30 of 1st period - Deflect By Troy Terry.
17:30 of 1st period - Stopped by Garret Sparks with a rebound.
17:38 of 1st period - Andrei Mironov is hit by Christian Fischer and loses puck.
17:56 of 1st period - Snap shot by Brandon Pirri.
17:56 of 1st period - Stopped by Garret Sparks without a rebound.
17:57 of 1st period - Connor Hurley wins face-off versus Dominic Turgeon in Condors zone.
17:57 of 1st period - Connor Hurley is hit by Dominic Turgeon.
18:07 of 1st period - Snap shot by Brandon Pirri.
18:07 of 1st period - Shot Misses the Net.
18:23 of 1st period - Gustav Olofsson is hit by Peter Holland.
18:47 of 1st period - Snap shot by Karson Kuhlman.
18:47 of 1st period - Stopped by Garret Sparks with a rebound.
18:51 of 1st period - Wrist shot by Karson Kuhlman.
18:51 of 1st period - Shot Blocked by Christian Fischer.
18:53 of 1st period - Slapshot by Dean Kukan.
18:53 of 1st period - Stopped by Garret Sparks without a rebound.
18:54 of 1st period - Phil McRae wins face-off versus Dominic Turgeon in Condors zone.
18:59 of 1st period - Snap shot by Patrik Laine.
18:59 of 1st period - Shot Blocked by Dominic Turgeon.
19:09 of 1st period - Wrist shot by Dominic Turgeon.
19:09 of 1st period - Stopped by Garret Sparks without a rebound.
19:10 of 1st period - Tyson Jost wins face-off versus Peter Holland in Condors zone.
19:12 of 1st period - Minor Penalty to Christian Fischer for Hooking.
19:13 of 1st period - Dominic Turgeon wins face-off versus Tyson Jost in Condors zone.
19:26 of 1st period - Off-side.
19:27 of 1st period - Tyson Jost wins face-off versus Dominic Turgeon in neutral zone.
Goals for this period are 2 for Condors vs 0 for Rocket.
Shots for this period are 10 for Condors vs 12 for Rocket.
2nd period
0:01 of 2nd period - Tyson Jost wins face-off versus Dominic Turgeon in neutral zone.
0:09 of 2nd period - Slapshot by Dominic Turgeon.
0:09 of 2nd period - Goal by Dominic Turgeon - Condors : 2 - Rocket : 1.
0:10 of 2nd period - Phil McRae wins face-off versus Dominic Turgeon in neutral zone.
0:15 of 2nd period - Snap shot by Patrik Laine.
0:15 of 2nd period - Stopped by Eamon McAdam with a rebound.
0:17 of 2nd period - Snap shot by Alexandre Carrier.
0:17 of 2nd period - Shot Blocked by Chris Bigras.
0:19 of 2nd period - Slapshot by Alexandre Carrier.
0:19 of 2nd period - Shot Misses the Net.
0:21 of 2nd period - Slapshot by Alexandre Carrier.
0:21 of 2nd period - Stopped by Eamon McAdam without a rebound.
0:22 of 2nd period - Phil McRae wins face-off versus Dominic Turgeon in Rocket zone.
0:58 of 2nd period - Wrist shot by Ty Rattie.
0:58 of 2nd period - Stopped by Garret Sparks without a rebound.
0:59 of 2nd period - Dominic Turgeon wins face-off versus Connor Hurley in Condors zone.
1:10 of 2nd period - Slapshot by Scott Wilson.
1:10 of 2nd period - Shot Misses the Net.
1:54 of 2nd period - Wrist shot by Karson Kuhlman.
1:54 of 2nd period - Stopped by Garret Sparks with a rebound.
1:56 of 2nd period - Snap shot by Karson Kuhlman.
1:56 of 2nd period - Deflect By Troy Terry.
1:56 of 2nd period - Goal by Troy Terry - Condors : 2 - Rocket : 2.
1:57 of 2nd period - Phil McRae wins face-off versus Dominic Turgeon in neutral zone.
2:45 of 2nd period - Kailer Yamamoto is hit by Jakob Lilja and loses puck.
3:16 of 2nd period - Snap shot by Kiefer Sherwood.
3:16 of 2nd period - Stopped by Eamon McAdam with a rebound.
3:48 of 2nd period - Snap shot by Sergey Tolchinsky.
3:48 of 2nd period - Shot Misses the Net.
3:52 of 2nd period - Backhand shot by Ty Rattie.
3:52 of 2nd period - Shot Misses the Net.
3:54 of 2nd period - Slapshot by Viktor Loov.
3:54 of 2nd period - Deflect By Peter Holland.
3:54 of 2nd period - Shot Misses the Net.
3:54 of 2nd period - Puck is out of play.
3:55 of 2nd period - Peter Holland wins face-off versus Tyson Jost in Condors zone.
3:56 of 2nd period - Snap shot by Sergey Tolchinsky.
3:56 of 2nd period - Shot Misses the Net.
3:58 of 2nd period - Snap shot by Chris Bigras.
3:58 of 2nd period - Shot Blocked by Tyson Jost.
4:10 of 2nd period - Snap shot by Sergey Tolchinsky.
4:10 of 2nd period - Shot Misses the Net.
4:22 of 2nd period - Peter Holland is hit by Jason Robertson and loses puck.
4:29 of 2nd period - Brett Lernout is hit by Sergey Tolchinsky and loses puck.
4:58 of 2nd period - Slapshot by Sergey Tolchinsky.
4:58 of 2nd period - Shot Misses the Net.
5:00 of 2nd period - Slapshot by Jack Glover.
5:00 of 2nd period - Shot Blocked by Tyson Jost.
5:02 of 2nd period - Snap shot by Ty Rattie.
5:02 of 2nd period - Shot Misses the Net.
5:04 of 2nd period - Slapshot by Jack Glover.
5:04 of 2nd period - Deflect By Alexandre Carrier.
5:04 of 2nd period - Stopped by Garret Sparks with a rebound.
5:06 of 2nd period - Slapshot by Dylan DeMelo.
5:06 of 2nd period - Shot Blocked by Alexandre Carrier.
5:08 of 2nd period - Snap shot by Jack Glover.
5:08 of 2nd period - Deflect By Sergey Tolchinsky.
5:08 of 2nd period - Stopped by Garret Sparks with a rebound.
5:10 of 2nd period - Wrist shot by Sergey Tolchinsky.
5:10 of 2nd period - Stopped by Garret Sparks with a rebound.
5:12 of 2nd period - Snap shot by Peter Holland.
5:12 of 2nd period - Stopped by Garret Sparks without a rebound.
5:13 of 2nd period - Adam Erne wins face-off versus Dominic Turgeon in Condors zone.
5:28 of 2nd period - Wrist shot by Brandon Pirri.
5:28 of 2nd period - Stopped by Garret Sparks with a rebound.
5:30 of 2nd period - Slapshot by Dominic Turgeon.
5:30 of 2nd period - Shot Blocked by Philippe Myers.
6:23 of 2nd period - Dominic Turgeon is hit by Adam Erne and loses puck.
6:56 of 2nd period - Dylan DeMelo is hit by Alexander Alexeyev and loses puck.
8:10 of 2nd period - Dominic Turgeon is hit by Christian Fischer and loses puck.
8:28 of 2nd period - Minor Penalty to Troy Terry for Interference.
8:29 of 2nd period - Brandon Pirri wins face-off versus Phil McRae in Rocket zone.
9:15 of 2nd period - Viktor Loov is hit by Adam Erne.
9:24 of 2nd period - Icing by Adam Erne.
9:25 of 2nd period - Brandon Pirri wins face-off versus Tyson Jost in Condors zone.
9:46 of 2nd period - Wrist shot by Phil McRae.
9:46 of 2nd period - Shot Blocked by Andrei Mironov.
9:48 of 2nd period - Wrist shot by Phil McRae.
9:48 of 2nd period - Stopped by Eamon McAdam without a rebound.
9:49 of 2nd period - Phil McRae wins face-off versus Brandon Pirri in Rocket zone.
9:52 of 2nd period - Wrist shot by Christian Fischer.
9:52 of 2nd period - Stopped by Eamon McAdam without a rebound.
9:53 of 2nd period - Brandon Pirri wins face-off versus Phil McRae in Rocket zone.
10:28 of 2nd period - Penalty to Troy Terry is over, Troy Terry is back on ice.
11:10 of 2nd period - Karson Kuhlman is hit by Philippe Myers and loses puck.
11:52 of 2nd period - Snap shot by Patrik Laine.
11:52 of 2nd period - Shot Blocked by Brandon Pirri.
12:34 of 2nd period - Luke Kunin is hit by Taro Hirose and loses puck.
12:56 of 2nd period - Wrist shot by Christian Fischer.
12:56 of 2nd period - Stopped by Eamon McAdam with a rebound.
13:03 of 2nd period - Minor Penalty to Emil Djuse for Roughing.
13:04 of 2nd period - Tyson Jost wins face-off versus Dominic Turgeon in Condors zone.
13:39 of 2nd period - Gustav Olofsson is hit by Chris Bigras.
15:03 of 2nd period - Penalty to Emil Djuse is over, Emil Djuse is back on ice.
15:32 of 2nd period - Jack Glover is hit by Kiefer Sherwood and loses puck.
17:41 of 2nd period - Minor Penalty to Raphael Bussieres for Holding.
17:42 of 2nd period - Brandon Pirri wins face-off versus Phil McRae in Rocket zone.
18:24 of 2nd period - Icing by Alexandre Carrier.
18:25 of 2nd period - Tyson Jost wins face-off versus Brandon Pirri in Condors zone.
18:25 of 2nd period - Tyson Jost is hit by Brandon Pirri.
18:35 of 2nd period - Slapshot by Patrik Laine.
18:35 of 2nd period - Goal by Patrik Laine - Condors : 3 - Rocket : 2.
18:36 of 2nd period - Phil McRae wins face-off versus Dominic Turgeon in neutral zone.
18:36 of 2nd period - Patrik Laine is hit by Brandon Pirri and loses puck.
18:45 of 2nd period - Snap shot by Phil McRae.
18:45 of 2nd period - Shot Misses the Net.
18:47 of 2nd period - Slapshot by Alexandre Carrier.
18:47 of 2nd period - Stopped by Eamon McAdam with a rebound.
18:49 of 2nd period - Wrist shot by Alexandre Carrier.
18:49 of 2nd period - Shot Blocked by Scott Wilson.
18:51 of 2nd period - Snap shot by Phil McRae.
18:51 of 2nd period - Shot Misses the Net.
19:00 of 2nd period - Icing by Peter Holland.
19:01 of 2nd period - Tyson Jost wins face-off versus Peter Holland in Rocket zone.
19:04 of 2nd period - Snap shot by Christian Fischer.
19:04 of 2nd period - Stopped by Eamon McAdam without a rebound.
19:05 of 2nd period - Tyson Jost wins face-off versus Peter Holland in Rocket zone.
19:12 of 2nd period - Snap shot by Tyson Jost.
19:12 of 2nd period - Shot Misses the Net.
19:19 of 2nd period - Off-side.
19:20 of 2nd period - Dominic Turgeon wins face-off versus Patrik Laine in neutral zone.
19:39 of 2nd period - Scott Wilson is hit by Adam Erne and loses puck.
19:49 of 2nd period - Icing by Alexandre Carrier.
19:50 of 2nd period - Peter Holland wins face-off versus Phil McRae in Condors zone.
19:55 of 2nd period - Snap shot by Jason Robertson.
19:55 of 2nd period - Shot Misses the Net.
Goals for this period are 1 for Condors vs 2 for Rocket.
Shots for this period are 9 for Condors vs 9 for Rocket.
3rd period
0:01 of 3rd period - Dominic Turgeon wins face-off versus Phil McRae in neutral zone.
0:22 of 3rd period - Minor Penalty to Brett Lernout for Hooking.
0:23 of 3rd period - Scott Wilson wins face-off versus Tyson Jost in Condors zone.
0:28 of 3rd period - Slapshot by Dominic Turgeon.
0:28 of 3rd period - Shot Misses the Net.
0:50 of 3rd period - Sergey Tolchinsky is hit by Alexandre Carrier and loses puck.
1:23 of 3rd period - Philippe Myers is hit by Scott Wilson and loses puck.
1:58 of 3rd period - Jason Robertson is hit by Brandon Pirri and loses puck.
2:22 of 3rd period - Penalty to Brett Lernout is over, Brett Lernout is back on ice.
2:26 of 3rd period - Slapshot by Viktor Loov.
2:26 of 3rd period - Stopped by Garret Sparks without a rebound.
2:27 of 3rd period - Connor Hurley wins face-off versus Mikhail Maltsev in Condors zone.
3:25 of 3rd period - Minor Penalty to Ty Rattie for Interference.
3:26 of 3rd period - Brandon Pirri wins face-off versus Phil McRae in Rocket zone.
3:40 of 3rd period - Wrist shot by Brandon Pirri.
3:40 of 3rd period - Shot Misses the Net.
3:58 of 3rd period - Slapshot by Alexandre Carrier.
3:58 of 3rd period - Goal by Alexandre Carrier - Condors : 4 - Rocket : 2.
3:59 of 3rd period - Patrik Laine wins face-off versus Dominic Turgeon in neutral zone.
4:05 of 3rd period - Minor Penalty to Scott Wilson for Tripping.
4:06 of 3rd period - Phil McRae wins face-off versus Brandon Pirri in Rocket zone.
4:32 of 3rd period - Chris Bigras is hit by Adam Erne and loses puck.
4:41 of 3rd period - Viktor Loov is hit by Adam Erne and loses puck.
5:15 of 3rd period - Philippe Myers is hit by Viktor Loov and loses puck.
6:05 of 3rd period - Penalty to Scott Wilson is over, Scott Wilson is back on ice.
6:49 of 3rd period - Minor Penalty to JC Lipon for Interference.
6:50 of 3rd period - Brandon Pirri wins face-off versus Phil McRae in Rocket zone.
8:49 of 3rd period - Penalty to JC Lipon is over, JC Lipon is back on ice.
8:55 of 3rd period - Jack Glover is hit by Klim Kostin and loses puck.
9:00 of 3rd period - Backhand shot by Kiefer Sherwood.
9:00 of 3rd period - Shot Misses the Net.
9:18 of 3rd period - Off-side.
9:19 of 3rd period - Connor Hurley wins face-off versus Peter Holland in neutral zone.
9:33 of 3rd period - Wrist shot by Ty Rattie.
9:33 of 3rd period - Stopped by Garret Sparks with a rebound.
9:35 of 3rd period - Slapshot by Andrei Mironov.
9:35 of 3rd period - Shot Misses the Net.
9:45 of 3rd period - Connor Hurley is hit by Luke Kunin and loses puck.
9:50 of 3rd period - Wrist shot by Luke Kunin.
9:50 of 3rd period - Stopped by Garret Sparks without a rebound.
9:51 of 3rd period - Phil McRae wins face-off versus Luke Kunin in Condors zone.
9:51 of 3rd period - Phil McRae is hit by Luke Kunin.
9:57 of 3rd period - Chris Bigras is hit by Adam Erne.
10:03 of 3rd period - Snap shot by Luke Kunin.
10:03 of 3rd period - Stopped by Garret Sparks without a rebound.
10:04 of 3rd period - Brandon Pirri wins face-off versus Phil McRae in Condors zone.
10:29 of 3rd period - Tyson Jost is hit by Ty Rattie and loses puck.
10:50 of 3rd period - Slapshot by Taro Hirose.
10:50 of 3rd period - Shot Blocked by Andrei Mironov.
11:10 of 3rd period - Snap shot by Raphael Bussieres.
11:10 of 3rd period - Shot Misses the Net.
11:12 of 3rd period - Wrist shot by JC Lipon.
11:12 of 3rd period - Shot Misses the Net.
11:33 of 3rd period - Minor Penalty to Brandon Pirri for Hooking.
11:34 of 3rd period - Branden Troock wins face-off versus Phil McRae in Rocket zone.
11:43 of 3rd period - Off-side.
11:44 of 3rd period - Branden Troock wins face-off versus Phil McRae in neutral zone.
11:55 of 3rd period - Snap shot by Alexandre Carrier.
11:55 of 3rd period - Stopped by Eamon McAdam without a rebound.
11:56 of 3rd period - Phil McRae wins face-off versus Branden Troock in Rocket zone.
12:03 of 3rd period - Wrist shot by Christian Fischer.
12:03 of 3rd period - Goal by Christian Fischer - Condors : 5 - Rocket : 2.
12:04 of 3rd period - Phil McRae wins face-off versus Dominic Turgeon in neutral zone.
12:09 of 3rd period - Slapshot by Adam Erne.
12:09 of 3rd period - Shot Blocked by Dominic Turgeon.
12:16 of 3rd period - Off-side.
12:17 of 3rd period - Phil McRae wins face-off versus Dominic Turgeon in neutral zone.
12:42 of 3rd period - Tyson Jost is hit by Sergey Tolchinsky and loses puck.
12:51 of 3rd period - Snap shot by Sergey Tolchinsky.
12:51 of 3rd period - Shot Misses the Net.
12:59 of 3rd period - Ty Rattie is hit by Jason Robertson and loses puck.
13:06 of 3rd period - Snap shot by Jason Robertson.
13:06 of 3rd period - Stopped by Eamon McAdam without a rebound.
13:07 of 3rd period - Dominic Turgeon wins face-off versus Phil McRae in Rocket zone.
13:34 of 3rd period - Chris Bigras is hit by Taro Hirose and loses puck.
13:55 of 3rd period - Wrist shot by Sergey Tolchinsky.
13:55 of 3rd period - Shot Hit the Post.
14:03 of 3rd period - Wrist shot by Peter Holland.
14:03 of 3rd period - Shot Blocked by Emil Djuse.
14:25 of 3rd period - Slapshot by JC Lipon.
14:25 of 3rd period - Deflect By Luke Kunin.
14:25 of 3rd period - Shot Blocked by Patrik Laine.
14:25 of 3rd period - Puck is out of play.
14:26 of 3rd period - Tyson Jost wins face-off versus Dominic Turgeon in Condors zone.
14:26 of 3rd period - Tyson Jost is hit by Dominic Turgeon.
14:32 of 3rd period - Slapshot by Alexandre Carrier.
14:32 of 3rd period - Stopped by Eamon McAdam with a rebound.
14:34 of 3rd period - Snap shot by Jason Robertson.
14:34 of 3rd period - Stopped by Eamon McAdam with a rebound.
14:39 of 3rd period - Minor Penalty to Brett Lernout for Cross-checking.
14:40 of 3rd period - Tyson Jost wins face-off versus Brandon Pirri in Condors zone.
14:51 of 3rd period - Snap shot by Kiefer Sherwood.
14:51 of 3rd period - Shot Misses the Net.
15:19 of 3rd period - Emil Djuse is hit by Sergey Tolchinsky and loses puck.
16:08 of 3rd period - Chris Bigras is hit by Patrik Laine and loses puck.
16:13 of 3rd period - Snap shot by Adam Erne.
16:13 of 3rd period - Shot Blocked by Chris Bigras.
16:39 of 3rd period - Penalty to Brett Lernout is over, Brett Lernout is back on ice.
16:43 of 3rd period - Wrist shot by Karson Kuhlman.
16:43 of 3rd period - Shot Blocked by Brett Lernout.
16:45 of 3rd period - Wrist shot by Jakob Lilja.
16:45 of 3rd period - Stopped by Garret Sparks with a rebound.
17:54 of 3rd period - Wrist shot by Kailer Yamamoto.
17:54 of 3rd period - Shot Misses the Net.
19:11 of 3rd period - Andrei Mironov is hit by Alexandre Carrier and loses puck.
19:24 of 3rd period - Christian Fischer is hit by JC Lipon and loses puck.
19:35 of 3rd period - Jack Glover is hit by Klim Kostin.
Goals for this period are 2 for Condors vs 0 for Rocket.
Shots for this period are 6 for Condors vs 5 for Rocket.